 Dungeon Crawl Stone Soup version 0.29-a0-330-g52719c12eb (webtiles) character file.

Game seed: 9290337055651678062

15 avis the Skirmisher (level 2, 0/27 HPs)
             Began as a Hill Orc Monk on Apr 13, 2022.
             Slain by a kobold
             ... wielding a +0 whip
              (3 damage)
             ... on level 1 of the Dungeon.
             The game lasted 00:02:32 (507 turns).

avis the Skirmisher (Hill Orc Monk)                  Turns: 507, Time: 00:02:33

Health: 0/27       AC:  2    Str: 13    XL:     2   Next: 50%
Magic:  2/2        EV: 12    Int: 10    God:
Gold:   39         SH:  0    Dex: 13    Spells: 1/1 levels left

rFire   . . .      SeeInvis .     - Unarmed
rCold   . . .      Faith    .   (no shield)
rNeg    . . .      Spirit   .   a - +0 robe
rPois   .          Reflect  .   (no helmet)
rElec   .          Harm     .   (no cloak)
rCorr   +          Rampage  .   (no gloves)
Will    .....                   (no boots)
Stlth   ++........              (no amulet)
HPRegen 0.09/turn               f - ring of resist corrosion
MPRegen 0.08/turn               (no ring)

@: no status effects
A: no striking features
a: no special abilities


You were on level 1 of the Dungeon.
You visited 1 branch of the dungeon, and saw 1 of its levels.

You collected 39 gold pieces.

Inventory:

Hand Weapons
 g - a +4 dagger
Missiles
 d - 25 stones (quivered)
Armour
 a - a +0 robe (worn)
Jewellery
 f - a ring of resist corrosion (left hand)
Scrolls
 e - a scroll of summoning {unknown}
Potions
 b - a potion of ambrosia
 c - 2 potions of curing {unknown}


   Skills:
 + Level 3.9 Fighting
 - Level 2.4 Dodging
 - Level 1.5 Stealth
 * Level 3.8 Unarmed Combat
 + Level 0.2 Spellcasting


You had one spell level left.
You didn't know any spells.
Your spell library contained the following spells:

 Spells                   Type           Power      Damage    Failure   Level
 Sting                    Tmut/Pois      0%         1d3       36%         1
 Poisonous Vapours        Pois/Air       0%         N/A       50%         2
 Call Canine Familiar     Summ           0%         N/A       75%         3
 Gell's Gravitas          Tloc           0%         N/A       75%         3
 Portal Projectile        Hex/Tloc       0%         N/A       75%         3
 Teleport Other           Tloc           0%         N/A       75%         3
 Leda's Liquefaction      Hex/Erth       0%         N/A       98%         4
 Olgreb's Toxic Radiance  Pois           0%         N/A       98%         4
 Dispersal                Tloc           0%         N/A       100%        6


Dungeon Overview and Level Annotations

Branches:
Dungeon (1/15)

Altars:


Message History

A hobgoblin comes into view.
You closely miss the quokka.
The kobold shouts!
The quokka misses you.
The hobgoblin shouts!
You hit the quokka but do no damage. The quokka bites you.
You hit the quokka.
You kill the quokka!
The hobgoblin hits you.
You see here a quokka corpse.
You closely miss the hobgoblin.
The hobgoblin hits you but does no damage.
You hit the hobgoblin.
You kill the hobgoblin!
The kobold barely misses you.
You hit the hobgoblin but do no damage. The kobold barely misses you.
The hobgoblin hits you.
You hit the hobgoblin.
The hobgoblin is severely wounded.
The kobold closely misses you. The hobgoblin hits you.
You hit the hobgoblin.
The hobgoblin is almost dead.
The kobold hits you with a +0 whip. The hobgoblin misses you.
You closely miss the hobgoblin.
The hobgoblin is almost dead.
The kobold hits you with a +0 whip.
The hobgoblin hits you but does no damage.
You hit the hobgoblin but do no damage.
The hobgoblin is almost dead.
The kobold hits you with a +0 whip. The hobgoblin hits you.
* * * LOW HITPOINT WARNING * * *
You barely miss the hobgoblin.
The hobgoblin is almost dead.
The kobold hits you with a +0 whip.
* * * LOW HITPOINT WARNING * * *
The hobgoblin closely misses you.
You closely miss the hobgoblin.
The hobgoblin is almost dead.
The kobold hits you with a +0 whip.
You die...

####.## #.....# ### ###.....#
..#.. .......# #.#.# ##.....#
#.#.# .+.....# #.#.# .#...gK#
#.#.# .# #@.# ######.#.##.#
.#..# #......#....#..#..#####
........)..##..#......######
..########..........#.#....#
###### #..#########.#.##.#
.....# #...............#.#
.....# #...............#.#####
.....#####.#.####........#.....#


You could see a hobgoblin and a kobold.

Vanquished Creatures
  A ball python (D:1)
  An endoplasm (D:1)
  A goblin (D:1)
  3 hobgoblins (D:1)
  A quokka (D:1)
  2 bats (D:1)
  2 frilled lizards (D:1)
  2 kobolds (D:1)
  A rat (D:1)
14 creatures vanquished.

Notes
Turn   | Place    | Note
-------+----------+-------------------------------------------
     0 | D:1      | avis the Hill Orc Monk began the quest for the Orb.
     0 | D:1      | Reached XP level 1. HP: 19/19 MP: 1/1
   336 | D:1      | Reached XP level 2. HP: 27/27 MP: 2/2
   507 | D:1      | Slain by a kobold

Illustrated notes

Levels and vault maps discovered:
D:1:      dpeg_arrival_water_fire, layout_basic,
          shapermc_ecumenical_altar_hornbeckon

Action                   || total
-------------------------++-------
Melee: Unarmed           ||    51
       Punch             ||     1
Armor: Robe              ||    14
Dodge: Dodged            ||    47

Table legend: (Time is in decaauts)
 A = Elapsed time spent in this place.
 B = Non-inter-level travel time spent in this place.
 C = Inter-level travel time spent in this place.
 D = Time resting spent in this place.
 E = Time spent auto-exploring this place.
 F = Levels seen in this place.
 G = Mean time per level.
                   A        B        C        D        E       F      G
               +--------+--------+--------+--------+--------+-----+--------+
         Total |    503 |    503 |      0 |    222 |    140 |   1 |  503.0 |
       Dungeon |    503 |    503 |      0 |    222 |    140 |   1 |  503.0 |
               +--------+--------+--------+--------+--------+-----+--------+

Top non-repeatable levels by time:
     D:1: 503 daAuts
